 Dungeon Crawl Stone Soup version 0.29-a0-582-ge82337ba6a (webtiles) character file.

Game seed: 4188497411442543089

91 Nietzsche the Poker (level 4, -2/33 HPs)
             Began as a Demonspawn Gladiator on June 15, 2022.
             Slain by a scorpion (5 damage)
             ... on level 3 of the Dungeon.
             The game lasted 00:05:48 (1532 turns).

Nietzsche the Poker (Demonspawn Gladiator)          Turns: 1532, Time: 00:05:48

Health: -2/33      AC:  5    Str: 14    XL:     4   Next: 34%
Magic:  5/5        EV: 16    Int: 12    God:
Gold:   107        SH:  0    Dex: 14    Spells: 5/5 levels left

rFire   . . .      SeeInvis .   a - +0 trident
rCold   . . .      Faith    .   (no shield)
rNeg    . . .      Spirit   .   b - +0 leather armour
rPois   .          Reflect  .   c - +0 helmet
rElec   .          Harm     .   (no cloak)
rCorr   .          Rampage  .   (no gloves)
Will    .....                   (no boots)
Stlth   +.........              f - amulet of regeneration
HPRegen 0.91/turn               m - +4 ring of evasion
MPRegen 0.09/turn               (no ring)

@: lethally poisoned (-2 -> -6)
A: rugged brown scales 1
a: no special abilities


You were on level 3 of the Dungeon.
You visited 1 branch of the dungeon, and saw 3 of its levels.

You collected 107 gold pieces.

Inventory:

Hand Weapons
 a - a +0 trident (weapon)
Missiles
 d - 3 throwing nets (quivered)
 e - a javelin
Armour
 b - a +0 leather armour (worn)
 c - a +0 helmet (worn)
Jewellery
 f - an amulet of regeneration (around neck)
 m - a +4 ring of evasion (left hand)
Scrolls
 g - 2 scrolls of torment {unknown}
 h - 2 scrolls of identify {unknown}
 i - 3 scrolls of fog {unknown}
 j - 2 scrolls of brand weapon {unknown}
 k - 2 scrolls of immolation {unknown}
 n - 2 scrolls of enchant weapon {unknown}
 o - 3 scrolls of fear {unknown}
 p - a scroll of noise {unknown}
Potions
 l - a potion of flight {unknown}


   Skills:
 + Level 2.3 Fighting
 + Level 3.6 Polearms
 - Level 1.8 Throwing
 + Level 1.0 Armour
 + Level 3.3 Dodging
 - Level 0.2 Stealth
 * Level 1.0 Spellcasting


You had 5 spell levels left.
You didn't know any spells.
Your spell library was empty.

Dungeon Overview and Level Annotations

Branches:
Dungeon (3/15)

Altars:
Ru

Shops:
D:3 ?


Innate Abilities, Weirdness & Mutations

You are partially covered in rugged brown scales. (AC +1, +3% HP)


Message History

You are poisoned.
The scorpion poisons you!
You barely miss the scorpion.
You feel sick. The scorpion barely misses you.
You hit the scorpion.
The scorpion is moderately wounded.
You feel sick. The scorpion barely misses you. The scorpion stings you.
You are more poisoned.
The scorpion poisons you!
You puncture the scorpion!
The scorpion is severely wounded.
You feel very sick.
The scorpion stings you but does no damage.
You barely miss the scorpion.
The scorpion is severely wounded.
You feel very sick. The scorpion barely misses you.
You hit the scorpion but do no damage.
The scorpion is severely wounded.
You feel very sick. The scorpion stings you. The scorpion closely misses you.
You barely miss the scorpion.
The scorpion is heavily wounded.
You feel sick. The scorpion closely misses you.
You puncture the scorpion!
The scorpion is almost dead.
You feel sick. The scorpion stings you.
You are more poisoned.
The scorpion poisons you!
You hit the scorpion but do no damage.
The scorpion is almost dead.
You feel very sick. The scorpion stings you!
* * * LOW HITPOINT WARNING * * *
The scorpion misses you.
You hit the scorpion but do no damage.
The scorpion is almost dead.
* * * LOW HITPOINT WARNING * * *
You feel very sick. The scorpion stings you.
You die...

8#.. ... #### # #..
..# ##### #.##.####.#
#...# #
.....##.####...####
#.#.##.......†..).
#.................
#@...∩.∩..........
#.....s.#...###...####
##.####.#∩.∩# #...# ..
#.##### #...# ... ..#
#...# .. #.# ##.## .
#.# ... ..# ..


You could see a scorpion.

Vanquished Creatures
  A gnoll (D:1)
  Robin (D:2)
  An adder (D:2)
  2 worms (D:2)
  A dart slug (D:2)
  An orc (D:2)
  4 ball pythons (D:1)
  2 bats
  3 endoplasms
  3 giant cockroaches
  16 goblins
  4 hobgoblins
  4 kobolds (D:1)
  4 frilled lizards
  3 rats (D:1)
50 creatures vanquished.

Notes
Turn   | Place    | Note
-------+----------+-------------------------------------------
     0 | D:1      | Nietzsche the Demonspawn Gladiator began the quest for the
                  | Orb.
     0 | D:1      | Reached XP level 1. HP: 16/16 MP: 1/1
   110 | D:1      | Gained mutation: You are partially covered in rugged brown
                  | scales. (AC +1, +3% HP) [demonic ancestry]
   110 | D:1      | Reached XP level 2. HP: 13/22 MP: 2/2
   497 | D:1      | Reached XP level 3. HP: 27/27 MP: 3/3
   891 | D:2      | Noticed Robin
   983 | D:2      | Killed Robin
  1001 | D:2      | Found a sacrificial altar of Ru.
  1020 | D:2      | Reached XP level 4. HP: 33/33 MP: 5/5
  1260 | D:2      | Reached skill level 1 in Armour
  1260 | D:2      | Reached skill level 1 in Spellcasting
  1483 | D:3      | Found Qeemmef's Magic Scroll Boutique.
  1517 | D:3      | Noticed a scorpion
  1532 | D:3      | Slain by a scorpion

Illustrated notes

Levels and vault maps discovered:
D:1:      heliophobic_arrival_battle_scene, layout_loops_ring
D:2:      layout_rooms, basic_altar, uniq_robin
D:3:      minmay_roachtagon, layout_loops_cross, kiku_gazebo_pond_becter,
          jmf_multi_god_temple, serial_shops,
          nicolae_shop_competitors_out_of_business, basic_ecumenical_altar,
          uniq_jessica, uniq_terence

Skill      XL: |  1  2  3  4 |
---------------+-------------+-----
Polearms       | 3 |  3.6
Dodging        | 3 |  3.3
Armour         | 1 |  1.0
Spellcasting   | 1 |  1.0
Fighting       | |  2.3
Throwing       | |  1.8
Stealth        | |  0.2

Action                   |  1- 3 |  4- 6 || total
-------------------------+-------+-------++-------
Melee: Trident           |   116 |    47 ||   163
       Punch             |     1 |     1 ||     2
 Stab: Sleeping          |     1 |       ||     1
Armor: Leather armour    |    43 |    11 ||    54
Dodge: Dodged            |    93 |    42 ||   135

Table legend: (Time is in decaauts)
 A = Elapsed time spent in this place.
 B = Non-inter-level travel time spent in this place.
 C = Inter-level travel time spent in this place.
 D = Time resting spent in this place.
 E = Time spent auto-exploring this place.
 F = Levels seen in this place.
 G = Mean time per level.
                   A        B        C        D        E       F      G
               +--------+--------+--------+--------+--------+-----+--------+
         Total |   1556 |   1556 |      0 |      0 |    871 |   3 |  518.7 |
       Dungeon |   1556 |   1556 |      0 |      0 |    871 |   3 |  518.7 |
               +--------+--------+--------+--------+--------+-----+--------+

Top non-repeatable levels by time:
     D:1: 935 daAuts
     D:2: 559 daAuts
     D:3: 61 daAuts
